 Dungeon Crawl Stone Soup version 0.29-a0-613-gf2c431b9b9 (webtiles) character file.

Game seed: 1168149812417891469

175 Vylera the Agent of Entropy (level 5, 0/41 HPs)
             Began as a Demonspawn Abyssal Knight on June 17, 2022.
             Was a Priest of Lugonu.
             Slain by an iguana (10 damage)
             ... on level 4 of the Dungeon.
             The game lasted 00:05:37 (2382 turns).

Vylera the Agent of Entropy (DsAK)                  Turns: 2382, Time: 00:05:38

Health: 0/41       AC:  6    Str: 13    XL:     5   Next: 29%
Magic:  8/8        EV: 11    Int: 11    God:    Lugonu [***...]
Gold:   167        SH:  0    Dex: 16    Spells: 4/4 levels left

rFire   + . .      SeeInvis .   a - +1 falchion
rCold   . . .      Faith    .   (no shield)
rNeg    . . .      Spirit   .   b - +0 leather armour
rPois   .          Reflect  .   (helmet restricted)
rElec   .          Harm     .   (no cloak)
rCorr   .          Rampage  .   (no gloves)
Will    .....                   n - +0 pair of boots
Stlth   +.........              (no amulet)
HPRegen 0.13/turn               d - ring of protection from fire
MPRegen 0.11/turn               (no ring)

@: no status effects
A: horns 1, molten scales 1, ignite blood 1
a: Renounce Religion, Depart the Abyss, Bend Space, Banish


You were on level 4 of the Dungeon.
You worshipped Lugonu.
Lugonu was most pleased with you.
You visited 1 branch of the dungeon, and saw 4 of its levels.
You visited the Abyss 1 time.

You collected 167 gold pieces.

Inventory:

Hand Weapons
 a - a +1 falchion (weapon)
Missiles
 f - 3 datura-tipped darts
 q - 3 poisoned darts
Armour
 b - a +0 leather armour (worn)
 n - a +0 pair of boots (worn)
Jewellery
 d - a ring of protection from fire (left hand)
 i - a ring of fire
Wands
 o - a wand of digging (3)
Scrolls
 e - 2 scrolls of teleportation {unknown}
 g - 2 scrolls of enchant armour {unknown}
 j - 2 scrolls of identify {unknown}
 k - a scroll of poison {unknown}
 l - a scroll of torment {unknown}
 m - a scroll of fog {unknown}
Potions
 c - 2 potions of curing {unknown}
 h - a potion of flight {unknown}
 p - a potion of attraction {unknown}


   Skills:
 - Level 3.0 Fighting
 * Level 4.3 Long Blades
 - Level 1.7 Armour
 - Level 0.8 Dodging
 + Level 4.5 Invocations


You had 4 spell levels left.
You didn't know any spells.
Your spell library contained the following spells:

 Spells                   Type           Power      Damage    Failure   Level
 Gell's Gravitas          Tloc           0%         N/A       80%         3
 Lesser Beckoning         Tloc           0%         N/A       80%         3
 Teleport Other           Tloc           0%         N/A       80%         3
 Malign Gateway           Summ/Tloc      0%         N/A       100%        7
 Summon Horrible Things   Summ           0%         N/A       100%        8


Dungeon Overview and Level Annotations

Branches:
Dungeon (3/15)

Altars:
Cheibriados


Innate Abilities, Weirdness & Mutations

You have a pair of small horns on your head.
You are partially covered in molten scales. (AC +2)
Your demonic aura sometimes causes spilled blood to erupt in flames.


Message History

The hobgoblin shoots a sling bullet.
The sling bullet hits you.
* * * LOW HITPOINT WARNING * * *
The hobgoblin shoots a sling bullet.
The sling bullet hits you.
* * * LOW HITPOINT WARNING * * *
The hobgoblin shoots a sling bullet.
The sling bullet closely misses you.
The hobgoblin unwields a +0 hunting sling.
The hobgoblin hits you.
* * * LOW HITPOINT WARNING * * *
The orc misses you.
You barely miss the hobgoblin. The orc misses you.
The hobgoblin closely misses you.
You hit the orc.
You kill the orc!
Lugonu accepts your kill. The hobgoblin barely misses you.
You closely miss the hobgoblin.
The hobgoblin hits you but does no damage.
You hit the hobgoblin.
You kill the hobgoblin!
Lugonu accepts your kill.
Things that are here:
a +0 hunting sling; a hobgoblin corpse
Found a snail-covered altar of Cheibriados.
You start resting.
A ball python is nearby!
The ball python hisses angrily.
The ball python bites you but does no damage.
The ball python grabs you. The ball python constricts you.
You hit the ball python.
You kill the ball python!
Lugonu accepts your kill.
You start resting.
You hear the slow rusting of a drain very nearby.
Items here: ))) [.
An iguana comes into view.
A jelly comes into view.
The iguana hisses angrily.
Okay, then.
You barely miss the iguana. The iguana bites you!
You die...

.#......##..#.#....... ..
....#...###))##...... ...
.#......##)#..#...#.#...<
......l.#...#.#..........
#......#.#...#..........
#......##.#.####.# ....
.#......###.##.##.####..#
........#......##........
.#..#....l@..............
#. #...#.#.............# #
#...#.###..########S###
#...### #..# #.#.. .....#
#†)# #....
......#####..########.#..
#......................#..
.......................#..
....................


You could see an iguana.

Vanquished Creatures
  An orc priest (D:4)
  Natasha (thrice) (D:2)
  2 worms (D:2)
  A dart slug (D:1)
  3 orcs (D:4)
  4 bats
  3 endoplasms
  6 giant cockroaches
  3 goblins
  7 hobgoblins
  4 jackals (D:1)
  3 quokkas
  6 ball pythons
  2 frilled lizards
  3 kobolds
  7 rats
58 creatures vanquished.

Notes
Turn   | Place    | Note
-------+----------+-------------------------------------------
     0 | Abyss:1  | Vylera the Demonspawn Abyssal Knight began the quest for
                  | the Orb.
     0 | Abyss:1  | Reached XP level 1. HP: 18/18 MP: 2/2
    18 | D:1      | Escaped the Abyss
   263 | D:1      | Gained mutation: Your demonic aura sometimes causes spilled
                  | blood to erupt in flames. [demonic ancestry]
   263 | D:1      | Reached XP level 2. HP: 18/24 MP: 4/4
   721 | D:1      | Reached *** piety under Lugonu
   722 | D:1      | Reached XP level 3. HP: 28/29 MP: 5/5
   979 | D:2      | Noticed Natasha
   987 | D:2      | Killed Natasha
  1290 | D:2      | Gained mutation: You are partially covered in molten
                  | scales. (AC +2) [demonic ancestry]
  1290 | D:2      | Reached XP level 4. HP: 34/35 MP: 6/6
  1669 | D:2      | Found a faded altar of an unknown god.
  1809 | D:2      | Noticed Natasha
  1814 | D:2      | Killed Natasha
  1856 | D:2      | Noticed Natasha
  1863 | D:2      | Killed Natasha
  2209 | D:3      | You fall into a shaft and drop 1 floor!
  2237 | D:4      | Gained mutation: You have a pair of small horns on your
                  | head. [demonic ancestry]
  2237 | D:4      | Reached XP level 5. HP: 34/41 MP: 8/8
  2330 | D:4      | Found a snail-covered altar of Cheibriados.
  2382 | D:4      | Slain by an iguana

Illustrated notes

Levels and vault maps discovered:
D:1:      minmay_arrival_checkered_box, layout_rooms, dk_noncrumbling_4,
          st_stairs_2, minmay_misc_feat_alley, minmay_distorted
D:2:      layout_loops_corners, shapermc_ecumenical_altar_mp_vishouse,
          uniq_natasha
D:3:      layout_basic, minmay_pentangle
D:4:      layout_basic, nicolae_uskayaw_en_pointe, marbit_many_paths,
          nicolae_ru_great_annihilating_truth, gup_sewer_entry_glass,
          wad_orctagon

Skill      XL: |  1  2  3  4 |
---------------+-------------+-----
Long Blades    | 2 3 4 |  4.3
Invocations    | 3 4 |  4.5
Fighting       | |  3.0
Armour         | |  1.7
Dodging        | |  0.8

Action                   |  1- 3 |  4- 6 || total
-------------------------+-------+-------++-------
Melee: Falchion          |    97 |    62 ||   159
       Headbutt          |       |     3 ||     3
Armor: Leather armour    |    39 |    14 ||    53
Dodge: Dodged            |    77 |    40 ||   117

Table legend: (Time is in decaauts)
 A = Elapsed time spent in this place.
 B = Non-inter-level travel time spent in this place.
 C = Inter-level travel time spent in this place.
 D = Time resting spent in this place.
 E = Time spent auto-exploring this place.
 F = Levels seen in this place.
 G = Mean time per level.
                   A        B        C        D        E       F      G
               +--------+--------+--------+--------+--------+-----+--------+
         Total |   2418 |   2349 |     69 |     23 |   1894 |   5 |  483.6 |
       Dungeon |   2400 |   2331 |     69 |     23 |   1882 |   4 |  600.0 |
         Abyss |     18 |     18 |      0 |      0 |     12 |   1 |   18.0 |
               +--------+--------+--------+--------+--------+-----+--------+

Top non-repeatable levels by time:
     D:2: 1271 daAuts
     D:1: 930 daAuts
     D:4: 175 daAuts
     D:3: 22 daAuts
 Abyss:1: 18 daAuts
